 Dungeon Crawl Stone Soup version 0.27.1 (webtiles) character file.

Game seed: 11047674677663565165

213 acemry the Covert (level 5, 0/35 HPs)
             Began as a Vampire Enchanter on Sept 4, 2021.
             Slain by a bullfrog skeleton (1 damage)
             ... on level 4 of the Dungeon.
             The game lasted 00:10:02 (3150 turns).

acemry the Covert (Vampire Enchanter)               Turns: 3150, Time: 00:10:02

Health: 0/35       AC:  2    Str:  7    XL:     5   Next: 59%
Magic:  10/17      EV: 12    Int: 18    God:
Gold:   109        SH:  0    Dex: 15    Spells: 2/8 levels left

rFire    . . .     SeeInvis +   o - +0 rapier
rCold    . . .     Faith    .   (no shield)
rNeg     . . .     Spirit   .   b - +0 robe
rPois    .         Reflect  .   (no helmet)
rElec    .         Harm     .   (no cloak)
rCorr    .         Rampage  .   (no gloves)
Will     .....                  (no boots)
Stlth    ++++......             (no amulet)
HPRegen  0.31/turn              f - ring of magical power
MPRegen  0.15/turn              g - ring of flight

@: flying, healing quickly
A: alive, fangs 3, see invisible, vampiric 2
a: Exsanguinate


You were on level 4 of the Dungeon.
You visited 1 branch of the dungeon, and saw 4 of its levels.

You collected 109 gold pieces.

Inventory:

Hand Weapons
 a - a +1 dagger
 n - a +1 dagger of protection
 o - a +0 rapier (weapon)
Missiles
 i - 15 datura-tipped darts
 j - 27 poisoned darts
Armour
 b - a +0 robe (worn)
Jewellery
 d - a ring of willpower
 f - a ring of magical power (left hand)
 g - a ring of flight (right hand)
 p - a ring of poison resistance
Scrolls
 h - a scroll of blinking {unknown}
 m - a scroll of immolation
Potions
 c - a potion of resistance
 e - a potion of lignification {unknown}


   Skills:
 + Level 2.5 Short Blades
 - Level 2.1 Dodging
 * Level 8.2 Stealth
 - Level 2.0 Spellcasting
 + Level 5.5 Hexes
 + Level 0.9 Ice Magic


You had 2 spell levels left.
You knew the following spells:

 Your Spells              Type           Power      Damage    Failure   Level
a - Corona                Hex            23%        N/A       1%          1
b - Ensorcelled Hibernat  Hex/Ice        26%        N/A       7%          2
c - Dazzling Flash        Conj/Hex       22%        N/A       17%         3

Your spell library contained the following spells:

 Spells                   Type           Power      Damage    Failure   Level
 Static Discharge         Conj/Air       1%         N/A       26%         2
 Confusing Touch          Hex            21%        N/A       5%          3
 Tukima's Dance           Hex            21%        N/A       5%          3
 Lightning Bolt           Conj/Air       0%         1d11      99%         5
 Maxwell's Capacitive Co  Air            0%         ∞         100%        8


Dungeon Overview and Level Annotations

Branches:
Dungeon (4/15)
 Temple: D:4-7

Altars:
Makhleb


Innate Abilities, Weirdness & Mutations

Your natural rate of healing is accelerated.
You have razor-sharp teeth.
You have supernaturally acute eyesight. (SInv)
You are afflicted with vampirism and can become a bat while bloodless.


Message History

The bullfrog skeleton is lightly damaged.
The bullfrog skeleton closely misses you.
The jackal barely misses you. The bullfrog skeleton hits you.
You barely miss the bullfrog skeleton.
The bullfrog skeleton is lightly damaged.
The jackal closely misses you.
The bullfrog skeleton closely misses you.
The jackal barely misses you.
The hobgoblin shouts!
You hit the bullfrog skeleton.
The bullfrog skeleton is moderately damaged.
The bullfrog skeleton closely misses you.
The jackal bites you. The bullfrog skeleton hits you.
You hit the bullfrog skeleton.
The bullfrog skeleton is heavily damaged.
The jackal misses you.
The bullfrog skeleton closely misses you.
The jackal misses you.
You puncture the bullfrog skeleton!
The bullfrog skeleton is almost destroyed.
The bullfrog skeleton hits you. The jackal bites you.
You barely miss the bullfrog skeleton.
The bullfrog skeleton is almost destroyed.
The bullfrog skeleton hits you. The jackal bites you.
The bullfrog skeleton hits you.
* * * LOW HITPOINT WARNING * * *
The jackal barely misses you.
Your magical contamination has completely faded away.
You hit the bullfrog skeleton but do no damage.
The bullfrog skeleton is almost destroyed.
The bullfrog skeleton hits you.
* * * LOW HITPOINT WARNING * * *
The jackal barely misses you.
Unknown command.
You barely miss the bullfrog skeleton.
The bullfrog skeleton is almost destroyed.
The jackal closely misses you. The bullfrog skeleton hits you.
* * * LOW HITPOINT WARNING * * *
The jackal barely misses you. The bullfrog skeleton hits you.
You die...

.. #..........
#.# #..#
####..#.### ..##
#.. #.##.#
#...#### #..
##.##.# #.#....
... ##...#.#
.#.#.....# #.#
##.###..#
.......#.## #.#
##.## ##.###
#(....###.###.##
##...
#.###gh@#.....#
#.## ..
#.#Z..###.##
##... ...
#.....# ##.##
##..## ##K
.....#...#
##.###.<.# g.
..#.####.#
#.)..#..# . ....
#.# #.####..#
#.##
#.#####.####..#
..
#.............#
.........###.###


You could see a jackal, a hobgoblin and a bullfrog skeleton.

Vanquished Creatures
  A scorpion (D:4)
  A hound (D:3)
  An orc priest (D:3)
  A hound skeleton (D:4)
  2 adders
  The ghost of nxtlvl the Ducker, a weakling DEMo (D:3)
  5 orcs (D:3)
  10 endoplasms
  2 giant cockroaches (D:1)
  8 goblins
  4 hobgoblins
  3 jackals (D:3)
  2 kobolds
  A quokka (D:1)
  5 ball pythons
  A ball python skeleton (D:3)
  2 bats
  3 frilled lizards
  5 rats
58 creatures vanquished.

Notes
Turn   | Place    | Note
-------+----------+-------------------------------------------
     0 | D:1      | acemry the Vampire Enchanter began the quest for the Orb.
     0 | D:1      | Reached XP level 1. HP: 13/13 MP: 3/3
   214 | D:1      | Reached XP level 2. HP: 7/19 MP: 3/5
   217 | D:1      | Learned a level 2 spell: Ensorcelled Hibernation
   292 | D:1      | Reached skill level 5 in Stealth
   853 | D:1      | Reached skill level 5 in Hexes
  1174 | D:2      | Found a burning altar of Makhleb.
  1472 | D:2      | Gained mutation: You are afflicted with vampirism and can
                  | become a bat while bloodless. [Vampire growth]
  1472 | D:2      | Reached XP level 3. HP: 24/24 MP: 6/6
  2018 | D:3      | Reached skill level 6 in Stealth
  2283 | D:3      | Reached XP level 4. HP: 30/30 MP: 7/7
  2327 | D:3      | Noticed nxtlvl's ghost (weakling DEMo)
  2336 | D:3      | Found a runed translucent gate.
  2336 | D:3      | Found a runed translucent gate.
  2338 | D:3      | Found a runed translucent gate.
  2595 | D:3      | Reached skill level 7 in Stealth
  2891 | D:3      | Killed nxtlvl's ghost
  3016 | D:4      | Reached XP level 5. HP: 30/35 MP: 8/8
  3020 | D:4      | Learned a level 3 spell: Dazzling Flash
  3136 | D:4      | Reached skill level 8 in Stealth
  3150 | D:4      | HP: 1/35 [bullfrog skeleton (5)]
  3150 | D:4      | Slain by a bullfrog skeleton

Illustrated notes

Levels and vault maps discovered:
D:1:      minmay_arrival_widening_spiral_wide, layout_basic
D:2:      layout_basic, basic_altar, serial_bayou_crossing
D:3:      layout_loops_cross, gammafunk_ghost_split, minmay_misc_feat_roman
D:4:      layout_loops_ring, nicolae_overflow_hidden_temple, vehumet_crystals,
          minmay_fractal_squares_5

Skill      XL: |  1  2  3  4  5 |
---------------+----------------+-----
Stealth        | 5 6 7 8 |  8.2
Hexes          | 5 |  5.5
Short Blades   | 2 |  2.5
Dodging        | |  2.1
Spellcasting   | |  2.0
Ice Magic      | |  0.9

Action                   |  1- 3 |  4- 6 || total
-------------------------+-------+-------++-------
Melee: Dagger            |    97 |       ||    97
       Bite              |     5 |     2 ||     7
       Rapier            |    25 |    40 ||    65
 Cast: Corona            |     1 |       ||     1
       Ensorcelled Hiber |     5 |    18 ||    23
  Use: Scroll            |     6 |       ||     6
 Stab: Sleeping          |    16 |    14 ||    30
Armor: Robe              |    22 |     3 ||    25
Dodge: Dodged            |    61 |    28 ||    89
